 Dungeon Crawl Stone Soup version 0.23-a0-137-gef0ad6d (webtiles) character file.

207 EvilAliv3 the Ducker (level 5, -4/36 HPs)
             Began as a Minotaur Fire Elementalist on Aug 29, 2018.
             Was an Initiate of Hepliaklqana.
             Killed by nerve-wracking pain
             ... invoked by Menkaure
              (12 damage)
             ... on level 4 of the Dungeon.
             The game lasted 00:40:12 (4988 turns).

EvilAliv3 the Ducker (Minotaur Fire Elementalist)   Turns: 4988, Time: 00:40:12

Health: -4/36      AC:  4    Str: 13    XL:     5   Next: 54%
Magic:  5/7        EV: 12    Int: 13    God:    Hepliaklqana [......]
Gold:   208        SH:  0    Dex: 10    Spells: 7/8 levels left

rFire    . . .     SeeInvis .   r - +0 falchion
rCold    . . .     Gourm    .   (no shield)
rNeg     . . .     Faith    .   k - +0 leather armour
rPois    .         Spirit   .   (helmet restricted)
rElec    .         Reflect  .   v - +0 cloak
rCorr    .         Harm     .   (no gloves)
MR       .....                  (no boots)
Stlth    +.........             (no amulet)
HPRegen  0.12/turn              (no ring)
MPRegen  0.10/turn              (no ring)

@: no status effects
A: retaliatory headbutt, reduced essence, horns 2
a: Recall Ancestor, Ancestor Identity, Renounce Religion


You were on level 4 of the Dungeon.
You worshipped Hepliaklqana.
Hepliaklqana was noncommittal.
You were very hungry.

You visited 2 branches of the dungeon, and saw 5 of its levels.

You collected 208 gold pieces.

Inventory:

Hand Weapons
 i - a +0 war axe
 r - a +0 falchion (weapon)
 y - the +8 great mace of Crystal {freeze, +Blink Str+6 SInv Stlth+, unknown}
   (You found it on level 4 of the Dungeon)

   It has been specially enchanted to freeze those struck by it, causing extra
   injury to most foes and up to half again as much damage against particularly
   susceptible opponents.
   It can also slow down cold-blooded creatures.
   It affects your strength (+6).
   It lets you see invisible.
   It lets you blink.
   It makes you more stealthy.
Armour
 f - a +0 scale mail
 k - a +0 leather armour (worn)
 q - a +0 ring mail
 v - a +0 cloak (worn)
Jewellery
 b - an uncursed ring of wizardry {unknown}
 l - an uncursed amulet of rage {unknown}
 s - an uncursed ring of wizardry {unknown}
Scrolls
 d - 4 scrolls of remove curse {unknown}
 e - 2 scrolls of amnesia {unknown}
 g - 2 scrolls of enchant armour {unknown}
 h - 7 scrolls of identify {unknown}
 n - 2 scrolls of teleportation {unknown}
 o - a scroll of magic mapping {unknown}
 t - a scroll of immolation {unknown}
 x - a scroll of fear {unknown}
Potions
 a - a potion of curing {unknown}
 j - a potion of resistance {unknown}
 m - a potion of lignification {unknown}
 p - a potion of berserk rage {unknown}
 u - a potion of degeneration {unknown}
 w - a potion of heal wounds {unknown}
Comestibles
 c - 9 rations


   Skills:
 + Level 2.0 Fighting
 + Level 2.2 Armour
 + Level 3.1 Dodging
 - Level 1.6 Stealth
 + Level 2.0 Spellcasting
 * Level 1.8 Conjurations
 * Level 2.9 Fire Magic


You had 7 spell levels left.
You knew the following spells:

 Your Spells              Type           Power        Failure   Level  Hunger
a - Flame Tongue          Conj/Fire      #....        12%         1    ##.....

Your spell library contained the following spells:

 Spells                   Type           Power        Failure   Level  Hunger
 Throw Flame              Conj/Fire      #.....       19%         2    ###....
 Conjure Flame            Conj/Fire      #.......     36%         3    ####...
 Inner Flame              Hex/Fire       #.......     47%         3    ####...
 Sticky Flame             Conj/Fire      #.......     77%         4    #####..
 Fireball                 Conj/Fire      #.........   98%         5    ######.


Dungeon Overview and Level Annotations

Branches:
Dungeon (4/15)             Temple (1/1) D:4

Altars:
Ashenzari
Cheibriados
Dithmenos
Elyvilon
Fedhas
Gozag
Hepliaklqana
Kikubaaqudgha
Makhleb
Nemelex Xobeh
Okawaru
Qazlal
Sif Muna
Trog
Uskayaw
Wu Jian
Xom
Yredelemnul
Zin
The Shining One

Annotations:
D:4 Menkaure


Innate Abilities, Weirdness & Mutations

You reflexively headbutt those who attack you in melee.
You have a pair of horns on your head.
Your life essence is reduced to manifest your ancestor. (-10% HP)


Message History

Confirm with . or Enter, or press ? or * to list all spells.
Aiming: Flame Tongue (safe; 13% risk of failure)
Press: ? - help, Shift-Dir - straight line, f - hound
Aim: a hound (heavily wounded)
The flame tongue hits the hound.
The hound is almost dead.
The hound bites you.
* * * LOW HITPOINT WARNING * * *
Casting: Flame Tongue (safe; 13% risk of failure)
Confirm with . or Enter, or press ? or * to list all spells.
Aiming: Flame Tongue (safe; 13% risk of failure)
Press: ? - help, Shift-Dir - straight line, f/p - hound
Aim: a hound (almost dead)
The flame tongue hits the hound.
You kill the hound!
Your Fighting skill increases to level 2!
Found a scroll labeled YSERAWOOPP.
Menkaure casts a spell at you. Pain shoots through your body!
You die...

####.#######.#####....≈≈§§≈......
'...>.....R......+...≈≈≈≈≈≈≈.....
############.#####...≈§≈>≈§§.####
##...# #.# ....≈§≈≈≈§§.# ##...#
#.# .....≈§§≈≈.## ##...# #.#
......≈≈≈..# #...# #.#
#+#.......#### #...#
#+###.##.....)# #...#
##.@.##.....# ##...#
##.....##....# .'...#
##...8...######## ##...#
..?.............._# #...#
.....8...8......# #...#
#........M....### #...#
###....⌠....### ####### #####
..........?..# #......
....8?..8[.....###.....


You could see Menkaure.

Vanquished Creatures
  2 hounds (D:4)
  A worker ant (D:4)
  4 adders
  A shadow imp (D:4)
  3 worms
  3 leopard geckos
  4 orcs
  2 ball pythons
  7 giant cockroaches
  8 goblins
  10 hobgoblins
  6 jackals
  2 quokkas
  9 bats
  5 frilled lizards
  7 kobolds
  5 rats
79 creatures vanquished.

Notes
Turn   | Place    | Note
-------+----------+-------------------------------------------
     0 | D:1      | EvilAliv3 the Minotaur Fire Elementalist began the quest
                  | for the Orb.
     0 | D:1      | Reached XP level 1. HP: 14/14 MP: 1/1
   658 | D:1      | Reached XP level 2. HP: 10/20 MP: 1/3
  1532 | D:2      | Reached skill level 1 in Conjurations
  1834 | D:2      | Reached XP level 3. HP: 27/27 MP: 0/4
  1898 | D:2      | Found a glowing silver altar of Zin.
  1898 | D:2      | Found a hazy altar of Hepliaklqana.
  1915 | D:2      | Reached skill level 1 in Fighting
  1969 | D:2      | Reached skill level 1 in Armour
  2419 | D:2      | Found a burning altar of Makhleb.
  2881 | D:3      | Reached XP level 4. HP: 34/35 MP: 5/5
  3987 | D:4      | Noticed an ogre
  4093 | D:4      | Reached skill level 3 in Dodging
  4194 | D:4      | Reached XP level 5. HP: 37/41 MP: 0/6
  4376 | D:4      | Found a staircase to the Ecumenical Temple.
  4397 | Temple   | Entered the Ecumenical Temple
  4600 | D:2      | Became a worshipper of Hepliaklqana the Forgotten
  4755 | D:4      | Got a dazzling great mace
  4976 | D:4      | Found an ancient bone altar of Kikubaaqudgha.
  4976 | D:4      | Noticed Menkaure
  4980 | D:4      | Found a bloodstained altar of Trog.
  4980 | D:4      | Found a basalt altar of Yredelemnul.
  4988 | D:4      | Killed from afar by Menkaure

Vault maps used:
D:1:      minmay_arrival_arboretum_small
D:2:      gammafunk_temple_overflow_elements, serial_forest,
          infiniplex_forest_end_double, infiniplex_forest_lined_4_way,
          infiniplex_forest_end_1, infiniplex_forest_clump_small,
          infiniplex_forest_clump_cross, infiniplex_forest_clump_double,
          bloody_makhleb
D:3:      first_ration
D:4:      minmay_overflow_temple_star_hex, minmay_temple_entry_mist,
          uniq_menkaure
Temple:   eino_temple_lava

Skill      XL: |  1  2  3  4  5 |
---------------+----------------+-----
Conjurations   | 1 |  1.8
Fighting       | 1 2 |  2.0
Armour         | 1 2 |  2.2
Dodging        | 3 |  3.1
Spellcasting   | 2 |  2.0
Stealth        | |  1.6
Fire Magic     | |  2.9

Action                   |  1- 3 |  4- 6 || total
-------------------------+-------+-------++-------
Melee: Unarmed           |     6 |       ||     6
       Club              |     7 |       ||     7
       Headbutt          |     5 |     8 ||    13
       War axe           |    18 |     3 ||    21
       Falchion          |       |    44 ||    44
 Cast: Flame Tongue      |    54 |    71 ||   125
Invok: Ancestor Identity |       |     1 ||     1
 Stab: Sleeping          |     1 |       ||     1
  Eat: Chunk             |     8 |     7 ||    15
Armor: Robe              |     3 |       ||     3
       Leather armour    |    16 |    21 ||    37
Dodge: Dodged            |    39 |    49 ||    88
       Rpst.: Falchion   |       |    15 ||    15

Table legend:
 A = Non-vault XP
 B = Vault XP
 C = Vault XP percentage of total XP
 D = Non-vault monster count
 E = Vault monster count
 F = Vault count percentage of total count
                 A         B        C        D         E       F
            +---------+---------+-------+---------+---------+-------
      Total |     296 |       0 |   0.0 |      79 |       0 |   0.0
            +---------+---------+-------+---------+---------+-------
        D:1 |      21 |       0 |   0.0 |      14 |       0 |   0.0
        D:2 |      71 |       0 |   0.0 |      26 |       0 |   0.0
        D:3 |      66 |       0 |   0.0 |      27 |       0 |   0.0
        D:4 |     138 |       0 |   0.0 |      12 |       0 |   0.0
            +---------+---------+-------+---------+---------+-------
